Map: King's Cove LE

Players

Fel - Winner!

  • Race: Zerg Zerg
  • League: Diamond
  • Spawn Location: 11:00

lIlIlIlIlIlI

  • Race: Terran Terran
  • League: Diamond
  • Spawn Location: 5:00

VOD

Have the link to the VOD?

Description

This is not a perfect build order by any means but should demonstrate the concept for players lower than D2 NA

Time

  • Played on: July 17, 2019, 10:39 p.m.
  • Length: 12:38
Show
View Real Time Build Order
Export as new Build Order

Fel Zerg - Winner!

Build Orders: Hatch First, Muta Ling Bane 

Get SALT Encoding   

  12  0:00  Drone  
  13  0:12  Overlord  
  13  0:18  Drone  
  14  0:32  Drone x2  
  14  0:34  Drone  
  17  0:53  Hatchery  
  17  0:57  Drone  
  17  1:00  Drone  
  18  1:11  Extractor  
  17  1:16  Spawning Pool  
  16  1:18  Drone  
  16  1:22  Drone  
  18  1:28  Drone  
  19  1:39  Drone  
  20  1:50  Overlord  
  20  2:04  Queen  
  20  2:05  Queen  
  20  2:07  Zergling x4  
  26  2:20  Hatchery  
  25  2:25  Drone x2  
  25  2:28  Drone  
  28  2:31  Drone  
  28  2:36  Metabolic Boost  
  29  2:41  Drone  
  30  2:53  Drone  
  30  2:54  Overlord  
  30  2:55  Drone x2  
  33  3:04  Queen  
  35  3:12  Drone  
  36  3:16  Queen, Zergling x2  
  36  3:21  Zergling x6  
  38  3:29  Zergling x2  
  38  3:30  Zergling x4  
  39  3:44  Spore Crawler  
  39  3:46  Drone  
  39  3:47  Drone x4  
  42  3:49  Queen  
  42  3:51  Spore Crawler  
  42  3:54  Drone  
  42  3:55  Drone  
  45  4:01  Drone  
  46  4:06  Lair  
  46  4:07  Drone  
  46  4:08  Drone  
  48  4:10  Drone  
  48  4:13  Overlord  
  49  4:21  Drone  
  50  4:25  Spore Crawler  
  50  4:28  Spore Crawler  
  50  4:29  Spore Crawler, Drone x3  
  50  4:36  Drone  
  50  4:37  Drone x4  
  55  4:41  Overlord  
  55  4:52  Overlord x2  
  55  4:54  Drone x3  
  58  5:03  Evolution Chamber  
  58  5:06  Drone  
  58  5:07  Drone x5  
  58  5:11  Queen x2  
  58  5:13  Drone  
  59  5:36  Queen  
  61  5:47  Queen x2  
  61  5:49  Zergling x2  
  66  5:50  Zergling x22  
  66  5:51  Zerg Ground Armor Level 1  
  73  6:12  Extractor, Queen  
  73  6:13  Extractor  
  73  6:14  Spire  
  73  6:17  Drone x7  
  77  6:19  Evolution Chamber  
  77  6:22  Queen  
  78  6:31  Drone x4  
  82  6:38  Overlord x3  
  82  6:43  Extractor  
  81  6:48  Drone  
  81  6:49  Overseer  
  81  6:51  Overlord  
  81  6:52  Overlord x2  
  82  6:54  Hatchery  
  82  6:55  Zerg Melee Weapons Level 1  
  81  7:04  Drone x8  
  89  7:10  Drone  
  89  7:11  Drone  
  91  7:28  Extractor  
  91  7:29  Extractor  
  89  7:38  Infestation Pit, Drone x9  
  89  7:39  Zerg Flyer Weapons Level 1  
  97  7:52  Zerg Ground Armor Level 2  
  97  7:56  Baneling Nest  
  96  8:00  Zergling x20  
  106  8:12  Overlord x2  
  105  8:17  Hive  
  105  8:19  Mutalisk x5  
  115  8:38  Zergling x10  
  115  8:39  Zergling x18  
  129  8:43  Mutalisk  
  129  8:44  Mutalisk x2  
  135  8:58  Mutalisk x3  
  139  9:07  Queen  
  139  9:08  Queen x2  
  123  9:12  Zergling x24  
  123  9:14  Zergling x2  
  118  9:19  Zergling x2  
  118  9:20  Zergling x2  
  117  9:31  Baneling x6, Spine Crawler  
  116  9:32  Baneling x7, Centrifical Hooks  
  116  9:34  Spine Crawler  
  116  9:36  Zergling x12  
  121  9:42  Queen  
  121  9:43  Queen x3  
  121  9:57  Zergling x4  
  121  9:58  Zergling x22  
  122  10:16  Zerg Melee Weapons Level 2  
  122  10:17  Queen  
  122  10:18  Adrenal Glands  
  122  10:20  Zergling x2  
  122  10:21  Zergling x20  
  135  10:33  Zergling x10  
  135  10:45  Zergling x2  
  135  10:46  Zergling x6  
  137  10:53  Zergling x4  
  137  10:54  Zergling x2  
  137  10:58  Zergling x12  
  137  10:59  Zergling x2  
  139  11:06  Baneling x16  
  139  11:07  Baneling, Zergling x8  
  143  11:14  Ultralisk Cavern  
  138  11:28  Zergling x16  
  137  11:33  Zergling x4  
  137  11:46  Zergling x2  
  137  11:47  Zergling x20  
  139  11:48  Baneling  
  139  11:49  Baneling x18  
  144  12:15  Hatchery, Overlord x2  
  143  12:16  Overlord x4  
  143  12:17  Hatchery  
Show
View Real Time Build Order
Export as new Build Order

lIlIlIlIlIlI Terran 

Build Orders:  

Get SALT Encoding   

  12  0:00  SCV  
  13  0:13  SCV  
  14  0:19  Supply Depot  
  14  0:25  SCV  
  15  0:30  Refinery  
  15  0:40  SCV  
  16  0:47  Barracks  
  16  0:52  SCV  
  17  0:59  Refinery  
  17  1:05  SCV  
  18  1:17  SCV  
  19  1:34  Orbital Command, Marine  
  19  1:37  Ghost Academy  
  20  1:48  Supply Depot  
  20  1:52  Barracks Tech Lab  
  20  2:00  SCV  
  21  2:10  Ghost  
  21  2:12  SCV  
  24  2:23  Factory  
  24  2:26  SCV  
  25  2:31  Supply Depot  
  25  2:38  SCV  
  25  2:43  Ghost  
  28  2:50  SCV  
  29  3:07  Starport  
  29  3:08  Hellion  
  29  3:49  Medivac  
  29  3:50  Hellion  
  29  3:52  Armory  
  33  4:00  Command Center  
  31  4:04  Ghost  
  33  4:11  Supply Depot, Hellion  
  35  4:22  SCV  
  36  4:26  Supply Depot  
  36  4:32  Hellion  
  36  4:33  Ghost  
  40  4:45  Terran Vehicle Weapons Level 1  
  40  4:55  Refinery  
  40  5:01  Barracks  
  40  5:02  Barracks  
  40  5:04  Barracks  
  40  5:06  Stimpack, Marine  
  39  6:01  Orbital Command  
  39  6:03  Marine  
  40  6:05  Marine x3  
  40  6:06  Starport Reactor, Factory Tech Lab  
  43  6:11  Command Center  
  35  6:19  SCV  
  35  6:21  Marine  
  35  6:25  Barracks Reactor x3  
  37  6:29  SCV  
  37  6:30  Engineering Bay  
  37  6:31  SCV  
  39  6:39  Engineering Bay  
  39  6:41  SCV  
  39  6:43  SCV, Medivac  
  43  6:53  SCV  
  44  6:55  SCV  
  44  6:59  Marine  
  46  7:02  Marine x2  
  46  7:03  Marine  
  46  7:05  Marine  
  46  7:06  SCV  
  46  7:07  Combat Shield, SCV  
  52  7:12  Marine x2  
  52  7:13  Supply Depot  
  54  7:21  Marine x2  
  56  7:23  Terran Infantry Weapons Level 1  
  56  7:25  Supply Depot  
  56  7:33  Medivac x2  
  56  7:34  Marine  
  61  7:42  Supply Depot  
  61  7:48  Marine  
  61  7:49  Missile Turret  
  62  7:52  Nuke  
  62  7:55  Marine  
  62  7:56  Marine x2  
  65  8:05  Marine x3  
  68  8:11  Orbital Command  
  68  8:13  SCV, Marine x2  
  68  8:14  Marine  
  68  8:15  SCV  
  73  8:22  Refinery  
  73  8:23  Marine x3  
  73  8:26  Concussive Shells  
  76  8:29  Marine  
  77  8:34  Siege Tank  
  77  8:35  Medivac  
  77  8:38  Terran Infantry Armor Level 1  
  82  8:41  SCV  
  82  8:42  SCV  
  82  9:04  Marine x2  
  82  9:05  Marine x4  
  74  9:24  Missile Turret x2  
  74  9:25  Missile Turret  
  74  9:26  Marine x7  
  74  9:27  Terran Vehicle And Ship Armor Level 1  
  74  9:30  Terran Infantry Weapons Level 2  
  81  9:43  Marine  
  81  9:44  Marine x6  
  64  10:01  Marine, Thor  
  64  10:02  Marine x5  
  63  10:18  Marine  
  63  10:19  Marine x6  
  70  10:24  Barracks  
  68  10:28  Barracks  
  55  10:36  Marine  
  55  10:37  Missile Turret  
  55  10:41  SCV x3  
  53  10:43  Marine  
  53  10:56  Marine x6  
  50  11:05  SCV  
  50  11:06  SCV  
  50  11:07  Marine  
  51  11:14  Marine x2  
  53  11:31  Marine x6  
  53  11:32  Marine x3  
  54  11:39  Orbital Command  
  49  11:49  Marine x7  
  57  11:54  SCV x2  
  58  12:12  Marine x6  
  58  12:13  Marine  
  58  12:15  Marine  
Tags
 
Add a new tag
Caveats
  • Supply blocks, unpowered buildings, or Contaminate may cause inaccurate times.
  • Supply counts are checked every 10 seconds.